 Dungeon Crawl Stone Soup version 0.28-a0-440-ge3cd3e9c68 (webtiles) character file.

Game seed: 12916819725509168678

127379 gruber the Warrior (level 16, -4/157 HPs)
             Began as a Minotaur Berserker on Sept 11, 2021.
             Was the Champion of Trog.
             Slain by an orc knight (19 damage)
             ... on level 2 of the Orcish Mines.
             The game lasted 00:28:43 (27017 turns).

gruber the Warrior (Minotaur Berserker)            Turns: 27017, Time: 00:28:44

Health: -4/157     AC: 28    Str: 34    XL:     16   Next: 46%
Magic:  15/15      EV: 10    Int:  7    God:    Trog [******]
Gold:   2503       SH: 10    Dex:  9    Spells: 15/15 levels left

rFire   + . .      SeeInvis .   p - +10 falchion of Abuse {flame, +Blink rPois rCorr Str-3}
rCold   + . .      Faith    .   n - +0 kite shield
rNeg    + . .      Spirit   .   M - +0 gold dragon scales
rPois   +          Reflect  .   (helmet restricted)
rElec   .          Harm     .   E - +0 cloak {rPois}
rCorr   +          Rampage  .   v - +1 pair of gloves {Str+3}
Will    +++++                   O - +0 pair of boots
Stlth   ..........              U - amulet of regeneration
HPRegen 2.36/turn               c - ring "Awef" {rN+ Str+7 Dex-3}
MPRegen 0.14/turn               t - ring of the Mage {Wiz Will++ Int+3}

@: strong-willed, regenerating
A: horns 2, retaliatory headbutt
a: Renounce Religion, Evoke Blink, Berserk, Trog's Hand, Brothers in Arms


You were on level 2 of the Orcish Mines.
You worshipped Trog.
Trog was exalted by your worship.
You visited 3 branches of the dungeon, and saw 23 of its levels.
You also visited: Ossuary and Ice Cave.

You collected 2750 gold pieces.
You spent 247 gold pieces at shops.

Inventory:

Hand Weapons
 m - a +5 antimagic demon blade
 p - the +10 falchion of Abuse (weapon) {flame, +Blink rPois rCorr Str-3}
   (Trog gifted it to you on level 6 of the Lair of Beasts)

   It burns those it strikes, dealing additional fire damage.
   Big, fiery blades are also staple armaments of hydra-hunters.
   Str:       It affects your strength (-3).
   rPois:     It protects you from poison.
   +Blink:    It lets you blink.
   rCorr:     It protects you from acid and corrosion.
Missiles
 g - 128 poisoned darts (quivered)
 x - 4 throwing nets
 H - 10 javelins
Armour
 n - a +0 kite shield (worn)
 v - a +1 pair of gloves of strength (worn)
 E - a +0 cloak of poison resistance (worn)
 M - +0 gold dragon scales (worn)
 O - a +0 pair of boots (worn)
Jewellery
 c - the ring "Awef" (left hand) {rN+ Str+7 Dex-3}
   (You found it on level 15 of the Dungeon)

   [ring of positive energy]

   Str:       It affects your strength (+7).
   Dex:       It affects your dexterity (-3).
   rN:        It protects you from negative energy.
 l - a ring of protection from cold
 o - a +6 ring of dexterity
 t - the ring of the Mage (right hand) {Wiz Will++ Int+3}
   (You found it in an ice cave)

   [ring of wizardry]

   It improves your spell success rate.
   Int:       It affects your intelligence (+3).
   Will:      It greatly increases your willpower.
 u - a ring of see invisible
 C - a ring of protection from fire
 U - an amulet of regeneration (around neck)
Wands
 a - a wand of mindburst (48)
 d - a wand of polymorph (4)
 q - a wand of flame (88)
 r - a wand of charming (9)
 L - a wand of paralysis (28)
 Q - a wand of acid (20)
 S - a wand of iceblast (27)
Scrolls
 f - 2 scrolls of identify
 i - 14 scrolls of teleportation
 j - 3 scrolls of immolation
 k - 5 scrolls of noise
 s - 2 scrolls of enchant armour
 w - a scroll of vulnerability
 y - 3 scrolls of enchant weapon
 A - a scroll of blinking
 B - 2 scrolls of fear
 D - a scroll of summoning
 I - 3 scrolls of silence
 K - 2 scrolls of magic mapping
 P - 2 scrolls of brand weapon
 R - 5 scrolls of amnesia
Potions
 b - a potion of resistance
 e - 7 potions of curing
 h - a potion of haste
 z - 3 potions of heal wounds
 G - 6 potions of might
 V - a potion of flight
 X - 5 potions of berserk rage
 Z - a potion of invisibility
Miscellaneous
 Y - a condenser vane


   Skills:
 - Level 18.0 Fighting
 * Level 17.1 Long Blades
 - Level 1.4(2.0) Axes
 - Level 1.4(2.2) Maces & Flails
 - Level 1.2(2.1) Polearms
 - Level 1.9(2.4) Staves
 - Level 1.3 Slings
 - Level 1.4 Bows
 - Level 1.0 Crossbows
 - Level 17.9 Armour
 - Level 15.0 Dodging
 - Level 9.0 Shields
 - Level 0.8 Invocations


You had 15 spell levels left.
You didn't know any spells.
Your spell library was empty.

Dungeon Overview and Level Annotations

Branches:
Dungeon (15/15)            Temple (0/1) D:6            Lair (6/6) D:9
  Swamp (0/4) Lair:4        Snake (0/4) Lair:3        Slime (0/5) Lair:5
    Orc (2/2) D:12            Elf (0/3) Orc:2        Vaults (0/5) D:13
 Depths (0/5) D:15        Ossuary (visited)           IceCv (visited)

Altars:
Ashenzari
Dithmenos
Elyvilon
Gozag
Hepliaklqana
Kikubaaqudgha
Nemelex Xobeh
Ru
Wu Jian
Xom
Lugonu

Shops:
D:1 ?   D:12 =::   Orc:2 [*(=[!(

Portals:
Abyss: Lair:6
Trove: D:13 (give +5 fire dragon scales)


Innate Abilities, Weirdness & Mutations

You have a pair of horns on your head.
You reflexively headbutt those who attack you in melee.


Message History

Trog appreciates your killing of a magic user.
Reactivating autopickup.
You feel a bit more experienced.
You are too injured to fight recklessly!
Unknown command.
You are too injured to fight recklessly!
Unknown command.
You are too injured to fight recklessly!
Unknown command.
You slash the orc knight! You burn the orc knight. You headbutt the orc knight.
The orc knight is lightly wounded.
The orc knight hits you with a +1 battleaxe of electrocution!!
* * * LOW HITPOINT WARNING * * *
You are electrocuted!!
* * * LOW HITPOINT WARNING * * *
The orc knight barely misses your deep troll.
Your deep troll barely misses the orc knight. x2
Your deep troll claws the orc knight but does no damage.
You closely miss the orc knight.
You headbutt the orc knight, but do no damage.
The orc knight is lightly wounded.
Your deep troll bites the orc knight!
Your deep troll claws the orc knight.
Your deep troll completely misses the orc knight.
The orc knight hits you but does no damage.
The orc knight hits your deep troll with a +1 battleaxe of electrocution!!
Lightning courses through your deep troll!
You closely miss the orc knight.
You headbutt the orc knight, but do no damage.
The orc knight is moderately wounded.
Your deep troll bites the orc knight!
Your deep troll claws the orc knight but does no damage.
Your deep troll claws the orc knight!
Unknown command.
You hit the orc knight. You burn the orc knight.
You headbutt the orc knight, but do no damage.
The orc knight is severely wounded.
The orc knight hits you with a +1 battleaxe of electrocution!
* * * LOW HITPOINT WARNING * * *
You are electrocuted!!
You die...

##### ###...##
##.).)..## ..
###..))....## ...
#..÷..##)...# ....
##..).####...###....
#...@.).##.)..#.#....
#÷.÷oT)÷÷.##..........
#....)....##.)........
#....§..÷###))).......
#.....÷..# #..........
#...÷..÷.# #..........
##......####..))......
###∩....∩##.#..........
##.## #....))#...#..


You could see an orc knight (strong, ally target) and a friendly deep troll
(summoned, berserk).

Vanquished Creatures
  A tengu reaver (D:15)
  Kirke (D:12)
  An emperor scorpion (D:15)
  A dire elephant (D:15)
  A white draconian (IceCv)
  A great orb of eyes (D:15)
  A yaktaur captain (D:15)
  A rakshasa (D:15)
  4 boulder beetles
  Harold (D:7)
  2 catoblepae
  A death knight (D:13)
  16 hydras
  2 ogre magi
  An alligator (shapeshifter) (D:13)
  4 centaur warriors
  9 two-headed ogres
  A tengu warrior (D:15)
  An orc high priest (Orc:2)
  Urug (Lair:5)
  16 death yaks
  Nergalle (D:11)
  3 thrashing horrors (Lair:6)
  Sonja (Lair:6)
  A shadow wraith (D:12)
  A bog body (Lair:4)
  A wizard (D:15)
  2 harpies (shapeshifter)
  A lindwurm (Lair:4)
  5 orc knights
  3 harpies (D:14)
  3 orc sorcerers (Orc:2)
  A phantasmal warrior (D:13)
  2 deep elf pyromancers
  4 manticores
  2 ugly things
  2 cyclopes
  3 oklob plants
  14 elephants
  Joseph (D:8)
  2 ice statues (IceCv)
  A smoke demon (Lair:6)
  3 black mambas
  2 torpor snails (Lair:2)
  2 gargoyles
  Maggie (D:7)
  2 large abominations (Lair:6)
  14 cane toads
  Psyche (D:10)
  10 komodo dragons
  An unseen horror (D:13)
  A freezing wraith (D:15)
  A yaktaur (shapeshifter) (D:13)
  6 rime drakes
  2 ancient zymes (Lair:6)
  4 trolls
  4 polar bears
  3 hornets
  A hornet (shapeshifter) (D:15)
  10 slime creatures
  35 blink frogs
  9 dream sheep
  4 shadows
  A spriggan (Lair:6)
  2 centaur simulacra (D:15)
  3 wyverns
  A vampire (D:12)
  2 ynoxinuls (Lair:6)
  3 wraiths (D:13)
  63 yaks
  17 basilisks
  5 hogs (D:12)
  2 steam dragons
  2 chaos spawn (Lair:6)
  6 vampire mosquitoes
  2 wargs (Orc:1)
  Menkaure (D:5)
  4 nagas (Lair:3)
  An acid dragon (D:11)
  Duvessa (D:5)
  13 water moccasins
  21 orc warriors
  5 black bears
  2 ice beasts
  3 sky beasts
  8 ogres
  3 necrophages
  19 wolves
  A tengu (shapeshifter) (D:12)
  15 centaurs
  4 phantoms
  7 small abominations (Lair:6)
  5 kobold brigands
  19 bullfrogs
  3 elf zombies (Ossuary)
  A gnoll sergeant (D:6)
  A wyvern zombie (D:6)
  3 scorpions
  Dowan (D:5)
  2 troll zombies (D:12)
  An elephant simulacrum (Lair:6)
  4 lindwurm simulacra (IceCv)
  8 killer bees
  2 howler monkeys
  8 wights (D:7)
  3 electric eels
  A crimson imp (D:15)
  Crazy Yiuf (D:6)
  A human zombie (Ossuary)
  5 centaur zombies
  7 komodo dragon simulacra (IceCv)
  5 hounds
  13 jellies
  17 orc priests
  A bullfrog skeleton (D:5)
  2 centaur skeletons
  22 orc wizards
  Natasha (thrice) (D:3)
  7 iguanas
  A scorpion zombie (D:5)
  A polar bear simulacrum (Lair:6)
  A wolf simulacrum (Lair:6)
  4 ogre zombies (D:12)
  A hound zombie (Ossuary)
  A hound skeleton (D:4)
  4 howler monkey zombies
  Robin (D:4)
  4 mummies
  5 gnolls (D:6)
  A howler monkey skeleton (D:6)
  6 acid dragon simulacra (IceCv)
  4 adders
  4 shadow imps
  4 steam dragon simulacra (IceCv)
  An ufetubus (D:7)
  4 adder zombies (Ossuary)
  An adder skeleton (D:4)
  A worm (D:3)
  5 dart slugs
  67 orcs
  8 ball pythons
  5 bats
  13 endoplasms
  5 giant cockroaches
  12 goblins
  5 hobgoblins
  9 jackals
  4 quokkas
  2 frilled lizards (D:1)
  4 goblin skeletons (D:12)
  5 goblin zombies
  2 hobgoblin skeletons (D:12)
  4 hobgoblin zombies (Ossuary)
  5 jackal zombies (Ossuary)
  18 kobolds
  4 kobold zombies (Ossuary)
  3 orc skeletons (D:12)
  13 orc zombies
  4 quokka zombies (Ossuary)
  7 rats
  A rat zombie (Ossuary)
854 creatures vanquished.

Vanquished Creatures (collateral kills)
  2 orc high priests (Orc:2)
  An orc knight (Orc:2)
  2 orc warriors (Orc:2)
  2 orc priests (Orc:2)
  An orc wizard (Orc:2)
8 creatures vanquished.

Vanquished Creatures (others)
  A basilisk (D:14)
  An orc (D:7)
  A kobold (D:8)
  37 fungi
  28 plants
  6 toadstools (D:4)
  A withered plant (D:14)
75 creatures vanquished.

Grand Total: 937 creatures vanquished

Notes
Turn   | Place    | Note
-------+----------+-------------------------------------------
     0 | D:1      | gruber the Minotaur Berserker began the quest for the Orb.
     0 | D:1      | Reached XP level 1. HP: 19/19 MP: 0/0
   255 | D:1      | Reached XP level 2. HP: 26/26 MP: 1/1
   386 | D:1      | Found a faded altar of an unknown god.
   465 | D:1      | Found Iwuferouz's Magic Scroll Shop.
   866 | D:1      | Reached skill level 5 in Long Blades
  1023 | D:2      | Reached ** piety under Trog
  1024 | D:2      | Reached XP level 3. HP: 27/31 MP: 2/2
  1354 | D:2      | Reached XP level 4. HP: 39/39 MP: 3/3
  1778 | D:3      | Noticed Natasha
  1783 | D:3      | Killed Natasha
  1960 | D:3      | Noticed Natasha
  1963 | D:3      | Killed Natasha
  1964 | D:3      | Reached XP level 5. HP: 45/45 MP: 4/4
  2460 | D:3      | Noticed Natasha
  2463 | D:3      | Killed Natasha
  2708 | D:4      | Noticed a black bear
  2713 | D:4      | Killed a black bear
  2714 | D:4      | Reached XP level 6. HP: 51/51 MP: 5/5
  2794 | D:4      | Reached *** piety under Trog
  3006 | D:4      | Noticed Robin
  3041 | D:4      | Killed Robin
  3377 | D:4      | Reached skill level 1 in Shields
  3519 | D:4      | Reached XP level 7. HP: 56/57 MP: 6/6
  3576 | D:4      | Found a white marble altar of Elyvilon.
  3581 | D:4      | Found a hazy altar of Hepliaklqana.
  3700 | D:4      | Found a shadowy altar of Dithmenos.
  3703 | D:4      | Found a shimmering altar of Xom.
  3743 | D:5      | Entered Level 5 of the Dungeon
  4053 | D:5      | Reached **** piety under Trog
  4054 | D:5      | Reached skill level 5 in Shields
  4295 | D:5      | Noticed Menkaure
  4350 | D:5      | Killed Menkaure
  4351 | D:5      | Reached skill level 5 in Armour
  4351 | D:5      | Reached XP level 8. HP: 30/64 MP: 7/7
  4694 | D:5      | Noticed Duvessa
  4696 | D:5      | Noticed Dowan
  4710 | D:5      | Killed Duvessa
  4721 | D:5      | Killed Dowan
  5063 | D:6      | Found a staircase to the Ecumenical Temple.
  5367 | D:6      | Found a sand-covered staircase.
  5394 | Ossuary  | Entered an ossuary
  5618 | Ossuary  | Reached XP level 9. HP: 62/70 MP: 8/8
  6172 | D:6      | Reached ***** piety under Trog
  6591 | D:6      | Reached skill level 10 in Armour
  6646 | D:6      | Found a runed translucent door.
  6647 | D:6      | Noticed Crazy Yiuf
  7285 | D:6      | Reached XP level 10. HP: 71/77 MP: 9/9
  7450 | D:6      | Killed Crazy Yiuf
  7532 | D:7      | Reached skill level 4 in Fighting
  7686 | D:7      | Reached skill level 5 in Fighting
  8248 | D:7      | Found a sparkling altar of Nemelex Xobeh.
  8368 | D:7      | Noticed Maggie
  8375 | D:7      | Killed Maggie
  8376 | D:7      | Reached skill level 6 in Fighting
  8682 | D:7      | Noticed Harold
  8721 | D:7      | Killed Harold
  8722 | D:7      | Reached skill level 8 in Fighting
  9495 | D:8      | Reached skill level 9 in Fighting
  9703 | D:8      | Received a gift from Trog
  9876 | D:8      | Noticed Joseph
  9892 | D:8      | Reached skill level 10 in Fighting
  9916 | D:8      | Killed Joseph
 10538 | D:9      | Reached skill level 11 in Fighting
 10544 | D:9      | Reached XP level 11. HP: 92/102 MP: 3/10
 10592 | D:9      | Reached skill level 10 in Long Blades
 11044 | D:9      | Found a staircase to the Lair.
 11306 | D:10     | Entered Level 10 of the Dungeon
 11415 | D:10     | Received a gift from Trog
 11439 | D:10     | Found an ancient bone altar of Kikubaaqudgha.
 11468 | D:10     | Noticed a boulder beetle
 11504 | D:10     | Killed a boulder beetle
 11870 | D:10     | Noticed Psyche
 11881 | D:10     | Killed Psyche
 12011 | D:10     | Found an opulent altar of Gozag.
 12102 | D:10     | Found a broken altar of Ashenzari.
 12164 | D:10     | Found a sacrificial altar of Ru.
 12500 | D:11     | Noticed Nergalle
 12502 | D:11     | Noticed an eight-headed hydra
 12512 | D:11     | Killed Nergalle
 12515 | D:11     | Killed an 11-headed hydra
 12790 | D:11     | Noticed a green ugly thing
 12801 | D:11     | Killed a green ugly thing
 12867 | D:11     | Reached XP level 12. HP: 91/110 MP: 3/11
 13167 | D:11     | Noticed a four-headed hydra
 13178 | D:11     | Killed a 12-headed hydra
 13507 | D:12     | Found Entepost's Jewellery Shop.
 13541 | D:12     | Reached skill level 15 in Long Blades
 13599 | D:12     | Found Aklybad's Book Emporium.
 13680 | D:12     | Found a staircase to the Orcish Mines.
 13750 | D:12     | Noticed an eight-headed hydra
 13757 | D:12     | Killed an 11-headed hydra
 13923 | D:12     | Noticed Kirke
 13933 | D:12     | Killed Kirke
 13995 | D:12     | Noticed a six-headed hydra
 14006 | D:12     | Killed a 12-headed hydra
 14378 | D:12     | Found Aggeiwku's Book Boutique.
 14626 | D:12     | Noticed a two-headed ogre
 14626 | D:12     | Noticed a seven-headed hydra
 14636 | D:12     | Killed an 11-headed hydra
 14637 | D:12     | Killed a two-headed ogre
 15077 | D:13     | Reached XP level 13. HP: 109/116 MP: 4/12
 15080 | D:13     | Reached skill level 15 in Armour
 15149 | D:13     | Found a portal to a secret trove of treasure.
 15351 | D:13     | Reached skill level 5 in Dodging
 15574 | D:13     | Found a gate to the Vaults.
 15915 | D:13     | Received a gift from Trog
 16118 | D:13     | Reached skill level 1 in Axes
 16118 | D:13     | Reached skill level 1 in Bows
 16564 | D:14     | Reached skill level 1 in Maces & Flails
 16564 | D:14     | Reached skill level 1 in Staves
 16760 | D:14     | Reached skill level 1 in Polearms
 16760 | D:14     | Reached skill level 1 in Slings
 17560 | D:15     | Entered Level 15 of the Dungeon
 17606 | D:15     | Reached skill level 1 in Crossbows
 17632 | D:15     | Reached skill level 10 in Dodging
 17827 | D:15     | Noticed an emperor scorpion
 17827 | D:15     | Noticed a dire elephant
 17846 | D:15     | Killed an emperor scorpion
 17867 | D:15     | Killed a dire elephant
 17868 | D:15     | Reached XP level 14. HP: 26/124 MP: 4/13
 17944 | D:15     | Found a staircase to the Depths.
 17954 | D:15     | Found a runed translucent door.
 18038 | D:15     | Identified the +9 glaive "Widowmaker" {elec, rCorr}
 18039 | D:15     | Identified the ring "Awef" {rN+ Str+7 Dex-3}
 18039 | D:15     | Noticed a tengu reaver
 18223 | D:15     | Identified the +1 scale mail of Filth {rElec rC- Dex+3}
 18607 | D:15     | Killed a tengu reaver
 18646 | D:15     | Identified the amulet of Res Nullius {Faith Rampage}
 18794 | Lair:1   | Entered Level 1 of the Lair of Beasts
 18802 | Lair:1   | Received a gift from Trog
 18864 | Lair:1   | Reached ****** piety under Trog
 19853 | Lair:2   | Reached skill level 15 in Dodging
 20976 | Lair:3   | Found a staircase to the Snake Pit.
 21013 | Lair:3   | Found an ornate altar of the Wu Jian Council.
 21329 | Lair:3   | Received a gift from Trog
 21636 | Lair:4   | Reached XP level 15. HP: 119/129 MP: 14/14
 21871 | Lair:4   | Found a staircase to the Swamp.
 22400 | Lair:5   | Noticed Urug
 22576 | Lair:5   | Killed Urug
 23251 | Lair:5   | Found a staircase to the Slime Pits.
 23296 | Lair:5   | Received a gift from Trog
 23697 | Lair:5   | Identified a scroll of acquirement
 23700 | Lair:5   | Acquired a manual of Fighting
 23712 | Lair:6   | Entered Level 6 of the Lair of Beasts
 23733 | Lair:6   | Reached skill level 12 in Fighting
 23757 | Lair:5   | HP: 5/134 [death yak (9)]
 23794 | Lair:5   | Reached skill level 13 in Fighting
 23835 | Lair:6   | Found a frozen archway.
 23858 | Lair:6   | Reached skill level 14 in Fighting
 23871 | Lair:6   | Noticed Sonja
 23880 | Lair:6   | Killed Sonja
 23902 | IceCv    | Entered an ice cave
 24112 | IceCv    | Reached skill level 15 in Fighting
 24154 | IceCv    | Found the ring of the Mage {Wiz Will++ Int+3}
 24355 | IceCv    | Identified the +2 scale mail "Gefuumi" {rC+ Stlth+}
 24662 | Lair:6   | Reached skill level 16 in Fighting
 24714 | Lair:6   | Reached XP level 16. HP: 98/154 MP: 15/15
 24725 | Lair:6   | Reached skill level 17 in Fighting
 24756 | Lair:6   | Identified the +10 falchion of Abuse {flame, +Blink rPois
                  | rCorr Str-3} (Trog gifted it to you on level 6 of the Lair
                  | of Beasts)
 24756 | Lair:6   | Received a gift from Trog
 25569 | Lair:6   | Reached skill level 18 in Fighting
 25728 | Lair:6   | Found a corrupted altar of Lugonu.
 25728 | Lair:6   | Found a one-way gate to the infinite horrors of the Abyss.
 26190 | Orc:1    | Entered Level 1 of the Orcish Mines
 26556 | Orc:2    | Entered Level 2 of the Orcish Mines
 26556 | Orc:2    | Found Xoobidaz's Antique Weapon Emporium.
 26556 | Orc:2    | Found Momecuat's Armour Boutique.
 26556 | Orc:2    | Found Gepus's Jewellery Boutique.
 26562 | Orc:2    | Received a gift from Trog
 26611 | Orc:2    | Bought a +1 pair of gloves of strength for 247 gold pieces
 26720 | Orc:2    | Found Hobecuitwe's General Store.
 26821 | Orc:2    | Found Ifocelar's Antique Armour Emporium.
 26926 | Orc:2    | Found a staircase to the Elven Halls.
 27010 | Orc:2    | Found Vararph's Antique Weapon Emporium.
 27010 | Orc:2    | Found Avupow's Distillery.
 27017 | Orc:2    | Slain by an orc knight

Illustrated notes

Levels and vault maps discovered:
D:1:      dpeg_arrival_ratfight, layout_basic, serial_shops, nicolae_shop_trees,
          hellmonk_ecumenical_altar_arch_garden, hangedman_decor_peaks_small
D:2:      layout_basic, grunt_ministairs_7, minmay_misc_feat_rugged
D:3:      layout_basic, uniq_natasha
D:4:      layout_basic, jmf_multi_god_temple, nicolae_overflow_hidden_temple,
          minmay_crystal_water, minmay_strange_pillars,
          minmay_gold_behind_fungi, uniq_robin
D:5:      layout_rooms, uniq_menkaure, uniq_duvessa
D:6:      minmay_recursive_quarters, layout_loops_ring,
          nicolae_ossuary_entry_giza, minmay_joined_circles,
          uniq_crazy_yiuf_cottage
D:7:      layout_basic, nemelex_spade_bored_becter, serial_bayou_lake_a,
          uniq_maggie, uniq_harold
D:8:      layout_basic, uniq_joseph
D:9:      layout_cave_pools, grunt_lair_entry_orc_guard_hut,
          kennysheep_generic_room_4
D:10:     layout_long_grid, nicolae_ru_path_of_blood, general_overflow_altar,
          mainiacjoe_overflow_catwalk_spiral, uniq_psyche
D:11:     layout_loops_ring, uniq_nergalle
D:12:     layout_roguey, zombieorc1_lemuel, serial_shops, nicolae_stop_n_shop_1,
          nicolae_stop_n_shop_2, nicolae_shop_behind_doors,
          minmay_fractal_squares_gapless_7, uniq_kirke
D:13:     layout_basic, david_vaults_2, enter_trove_2
D:14:     layout_roguey, grunt_decor_junction, argonaut_gorgonesque
D:15:     hangedman_depths_entry_try_elsewhere_first, layout_irregular_city,
          minmay_misc_feat_diagonals, minmay_st_funbox, lightli_wizard_tower
Lair:1:   layout_regular_city, lemuel_fruit_fields
Lair:2:   layout_layer_cave
Lair:3:   layout_chaotic_city, minmay_snake_entry_guardpost_small, basic_altar,
          chequers_serial_rivers_micro_a
Lair:4:   layout_cave_pods, skrybe_swamp_entry_bodies
Lair:5:   dpeg_oklob_shooting_range, layout_loops_ring,
          minmay_slime_entry_jelly_boxes, uniq_urug
Lair:6:   hellmonk_lair_end_abyssal_woods, layout_regular_city,
          portal_ice_cave_entry_ice_simulacra, grunt_forest_stairs_basic,
          chequers_serial_rivers_large_a, serial_bayou_shore_a,
          lemuel_fruit_tree, uniq_sonja
Orc:1:    layout_caves
Orc:2:    grunt_orc_tribal_feast, layout_caves, serial_shops, shop,
          nicolae_shop_stone, shop, nicolae_lakefront_shop,
          nicolae_shop_statue_plus

Skill      XL: |  1  2  3  4  5  6  7  8  9 10 11 12 13 14 15 16 |
---------------+-------------------------------------------------+-----
Long Blades    | 4 5 7 8 9 14 16 17 | 17.1
Armour         | 3 5 7 12 14 15 17 | 17.9
Shields        | 2 6 9 |  9.0
Fighting       | 11 16 18 | 18.0
Dodging        | 11 15 | 15.0
Axes           | 1 |  1.4
Bows           | 1 |  1.4
Maces & Flails | 1 |  1.4
Staves         | 1 |  1.9
Polearms       | 1 |  1.2
Slings         | 1 |  1.3
Crossbows      | 1 |  1.0
Invocations    | |  0.8

Action                   |  1- 3 |  4- 6 |  7- 9 | 10-12 | 13-15 | 16-18 || total
-------------------------+-------+-------+-------+-------+-------+-------++-------
Melee: Falchion          |    55 |    71 |       |       |       |   223 ||   349
       Headbutt          |     6 |    23 |   129 |   165 |   311 |    86 ||   720
       Short sword       |       |    82 |   567 |   187 |       |       ||   836
       Demon blade       |       |       |       |   490 |   560 |       ||  1050
       Long sword        |       |       |       |    32 |   599 |   150 ||   781
Throw: Dart              |       |       |       |     3 |     5 |       ||     8
Invok: Berserk           |     1 |     1 |     4 |     7 |    11 |       ||    24
       Trog's Hand       |       |       |     3 |     2 |     6 |     4 ||    15
       Brothers in Arms  |       |       |       |     1 |       |     1 ||     2
  Use: Scroll            |       |       |       |       |    28 |       ||    28
       Potion            |       |       |       |       |     1 |       ||     1
 Stab: Invisible         |       |       |       |     1 |       |       ||     1
       Distracted        |       |       |       |       |       |     1 ||     1
Armor: Animal skin       |     3 |       |       |       |       |       ||     3
       Ring mail         |    20 |    56 |   160 |    11 |       |       ||   247
       Acid dragon scale |       |       |       |    67 |       |       ||    67
       Skin              |       |       |       |     6 |       |       ||     6
       Gold dragon scale |       |       |       |   149 |   765 |   186 ||  1100
Dodge: Dodged            |    28 |    57 |   137 |   120 |   398 |   125 ||   865
Block: Kite shield       |       |     4 |   164 |   452 |   596 |   167 ||  1383
       Reflection        |       |       |       |    22 |    11 |       ||    33

Table legend: (Time is in decaauts)
 A = Elapsed time spent in this place.
 B = Non-inter-level travel time spent in this place.
 C = Inter-level travel time spent in this place.
 D = Time resting spent in this place.
 E = Time spent auto-exploring this place.
 F = Levels seen in this place.
 G = Mean time per level.
                   A        B        C        D        E       F      G
               +--------+--------+--------+--------+--------+-----+--------+
         Total |  26656 |  25705 |    951 |    735 |  20174 |  25 | 1066.2 |
       Dungeon |  18151 |  17509 |    642 |    557 |  14050 |  15 | 1210.1 |
          Lair |   6759 |   6469 |    290 |    175 |   4958 |   6 | 1126.5 |
  Orcish Mines |    775 |    756 |     19 |      0 |    515 |   2 |  387.5 |
       Ossuary |    492 |    492 |      0 |      0 |    345 |   1 |  492.0 |
      Ice Cave |    477 |    477 |      0 |      3 |    306 |   1 |  477.0 |
               +--------+--------+--------+--------+--------+-----+--------+

Top non-repeatable levels by time:
     D:7: 1865 daAuts
     D:6: 1847 daAuts
  Lair:6: 1634 daAuts
    D:13: 1510 daAuts
    D:12: 1391 daAuts
     D:5: 1323 daAuts
  Lair:2: 1275 daAuts
  Lair:5: 1238 daAuts
    D:11: 1223 daAuts
    D:14: 1193 daAuts
     D:8: 1114 daAuts
    D:15: 1092 daAuts
     D:4: 1062 daAuts
    D:10: 1029 daAuts
     D:1: 1021 daAuts
